 Dungeon Crawl Stone Soup version 0.24.0-7-gb3623d2c88 (webtiles) character file.

Game seed: 5132607639444857493, levelgen mode: deterministic

23396 alxmo the Blocker (level 12, -7/106 HPs)
             Began as a Minotaur Berserker on Nov 2, 2019.
             Was a High Priest of Trog.
             Killed from afar by a fire dragon (15 damage)
             ... with a blast of flame
             ... on level 12 of the Dungeon.
             The game lasted 01:11:34 (11665 turns).

alxmo the Blocker (Minotaur Berserker)             Turns: 11665, Time: 01:11:35

Health: -7/106     AC: 18    Str: 29    XL:     12   Next: 71%
Magic:  3/3        EV:  8    Int:  4    God:    Trog [*****.]
Gold:   523        SH: 24    Dex: 15    Spells: 11/11 levels left

rFire    + . .     SeeInvis .   R - +5 flail (antimagic)
rCold    + + .     Gourm    .   d - +1 large shield
rNeg     . . .     Faith    .   f - +0 plate armour
rPois    +         Spirit   .   (helmet restricted)
rElec    +         Reflect  +   (no cloak)
rCorr    +         Harm     .   E - +2 pair of gloves
MR       .....                  (no boots)
Stlth    ..........             e - +2 amulet of reflection
HPRegen  0.27/turn              w - ring of protection from cold
MPRegen  0.08/turn              I - +3 ring of dexterity

@: about to teleport, resistant, berserk cooldown, slowed, very slow
A: retaliatory headbutt, horns 2, agile 1, screaming 1, strong 1
a: Berserk, Trog's Hand, Brothers in Arms, Renounce Religion


You were on level 12 of the Dungeon.
You worshipped Trog.
Trog was extremely pleased with you.
You were very hungry.

You visited 1 branch of the dungeon, and saw 12 of its levels.
You visited 1 bazaar.

You collected 705 gold pieces.
You spent 182 gold pieces at shops.

Inventory:

Hand Weapons
 B - a +4 dire flail
 R - a +5 antimagic flail (weapon)
Armour
 d - a +1 large shield (worn)
 f - a +0 plate armour (worn)
 t - a +2 ring mail of fire resistance
 E - a +2 pair of gloves (worn)
 F - a +2 leather armour of poison resistance
Jewellery
 a - an uncursed ring of stealth
 e - a +2 amulet of reflection (around neck)
 h - an uncursed ring of magical power
 w - a ring of protection from cold (left hand)
 y - an uncursed amulet of regeneration
 z - an uncursed ring of flight
 A - a +4 ring of intelligence {unknown}
 C - an uncursed amulet of faith
 D - an uncursed ring of wizardry
 I - a +3 ring of dexterity (right hand)
 P - an uncursed ring of stealth
 Q - an uncursed ring of stealth
 U - a +4 ring of dexterity
Wands
 b - a wand of polymorph (8)
 x - a wand of scattershot (8)
 K - a wand of paralysis (8)
 L - a wand of random effects (18)
 S - a wand of enslavement (6)
 T - a wand of digging (6)
Scrolls
 g - 4 scrolls of identify
 i - 6 scrolls of remove curse
 k - 3 scrolls of enchant armour
 m - 3 scrolls of teleportation
 v - 3 scrolls of enchant weapon
 G - 2 scrolls of immolation
 J - 2 scrolls of noise {unknown}
 N - a scroll of fog {unknown}
 W - a scroll of magic mapping
Potions
 j - 2 potions of might {unknown}
 l - a potion of cancellation {unknown}
 n - 4 potions of brilliance
 p - 2 potions of mutation
 q - 2 potions of curing
 r - 2 potions of agility {unknown}
 s - 4 potions of heal wounds
 u - 2 potions of degeneration {unknown}
 H - a potion of lignification {unknown}
 M - a potion of ambrosia {unknown}
 O - a potion of berserk rage {unknown}
Comestibles
 c - 20 rations
 V - 13 chunks of flesh


   Skills:
 + Level 10.2 Fighting
 + Level 13.8 Maces & Flails
 + Level 11.0 Armour
 + Level 4.2 Dodging
 + Level 1.1 Stealth
 + Level 14.9 Shields


You had 11 spell levels left.
You didn't know any spells.
Your spell library was empty.

Dungeon Overview and Level Annotations

Branches:
Dungeon (12/15)            Temple (0/1) D:4            Lair (0/6) D:9
    Orc: D:9-12

Altars:
Cheibriados
Elyvilon
Hepliaklqana
Kikubaaqudgha
Nemelex Xobeh
Qazlal
Uskayaw
Wu Jian

Shops:
D:4 *   D:7 :   D:9 =

Portals:
Trove: D:12 (give +7 demon whip)


Innate Abilities, Weirdness & Mutations

You reflexively headbutt those who attack you in melee.
You have a pair of horns on your head.
You are agile. (Dex +2)
You occasionally shout uncontrollably at your foes.
Your muscles are strong. (Str +2)


Message History

* * * LOW HITPOINT WARNING * * *
You feel much better.
An orc priest comes into view. It is wielding a +0 whip.
The fire dragon breathes flames at you. The blast of flame hits you!
You resist.
* * * LOW HITPOINT WARNING * * *
The orc priest moves out of view.
A white ugly thing comes into view.
The white ugly thing gurgles horribly!
The fire dragon breathes flames at you. The blast of flame hits you!!
You resist.
* * * LOW HITPOINT WARNING * * *
As you read the scroll of teleportation, it crumbles to dust.
You feel strangely unstable.
The orc priest miscasts a cantrip.
The fire dragon bites you but does no damage.
You block the fire dragon's attack. x2
The fire dragon breathes flames at you. The blast of flame hits you!
You resist.
You die...

# #......#.######........###..
######).....#.# #........#....
.........####.# #.....####..#.
.........####.# #.....#.....#.
..............# #.....#.....+.
..............# #.....##....#.
....#######...# ###########.##
....#.....#...########. ## ##
....#.....#...#.@.##.#.#.#
....#.....#...#.#uD)รท##).###
....##'#+##.....##..).))...#
................###.#.#)###..#
................#..#o##..#
.##########.....##.#.#....# .#
#.....#####..##... .# #.....#
.#. ###. .# #.....# #D### #


You could see a fire dragon, a white ugly thing and an orc priest.

Vanquished Creatures
  Snorg (D:11)
  2 hydras
  2 centaur warriors (D:12)
  A catoblepas (D:12)
  2 two-headed ogres
  The ghost of Lanoc the Carver, a novice NaBe of Trog (D:7)
  Nergalle (D:10)
  2 ugly things (D:12)
  A manticore (D:12)
  Maurice (D:8)
  A centaur zombie (D:9)
  Psyche (D:8)
  A gargoyle (D:11)
  3 centaur skeletons
  Joseph (D:8)
  2 kobold demonologists (D:11)
  2 trolls (D:9)
  A queen bee (shapeshifter) (D:12)
  8 slime creatures (D:12)
  5 hippogriffs
  A hornet (D:12)
  Sigmund (D:4)
  13 yaks
  2 wyverns (D:11)
  A hungry ghost (D:9)
  Menkaure (D:6)
  A warg (D:12)
  Duvessa (D:7)
  4 sky beasts
  2 ice beasts (D:11)
  A black bear (D:8)
  6 orc warriors
  A necrophage (D:10)
  3 ogres
  A phantom (D:4)
  4 wolves (D:9)
  A crocodile (D:11)
  8 centaurs
  3 big kobolds
  7 bullfrogs
  Dowan (D:7)
  2 scorpions
  13 killer bees
  7 wights (D:11)
  2 electric eels (D:9)
  9 howler monkeys
  5 crimson imps
  3 quasits (D:7)
  A bullfrog zombie (D:12)
  8 hounds
  5 orc priests
  7 jellies
  A bullfrog skeleton (D:8)
  9 orc wizards
  Terence (D:3)
  3 iguanas
  4 worker ants
  A hound zombie (D:6)
  A hound skeleton (D:5)
  A mummy (D:6)
  A worker ant zombie (D:11)
  Robin (D:2)
  A howler monkey skeleton (D:8)
  7 gnolls
  17 adders
  3 shadow imps
  6 oozes
  An adder zombie (D:6)
  An adder skeleton (D:9)
  6 worms
  3 dart slugs
  5 leopard geckos
  34 orcs
  14 bats
  3 giant cockroaches (D:1)
  25 goblins
  14 hobgoblins
  9 jackals
  2 quokkas
  5 ball pythons
  4 frilled lizards
  2 hobgoblin zombies (D:6)
  12 kobolds
  A kobold zombie (D:6)
  A leopard gecko skeleton (D:5)
  An orc zombie (D:6)
  8 rats
372 creatures vanquished.

Vanquished Creatures (others)
  A kobold (D:11)
1 creature vanquished.

Grand Total: 373 creatures vanquished

Notes
Turn   | Place    | Note
-------+----------+-------------------------------------------
     0 | D:1      | alxmo the Minotaur Berserker began the quest for the Orb.
     0 | D:1      | Reached XP level 1. HP: 19/19 MP: 0/0
   220 | D:1      | Reached XP level 2. HP: 22/27 MP: 1/1
   401 | D:1      | Reached XP level 3. HP: 33/33 MP: 2/2
   524 | D:1      | Reached ** piety under Trog
  1216 | D:2      | Noticed Robin
  1231 | D:2      | Reached XP level 4. HP: 26/40 MP: 3/3
  1242 | D:2      | Reached skill level 5 in Maces & Flails
  1251 | D:2      | Killed Robin
  1490 | D:2      | Reached skill level 1 in Shields
  1753 | D:2      | Reached XP level 5. HP: 43/47 MP: 4/4
  1947 | D:3      | Reached *** piety under Trog
  2015 | D:3      | Noticed Terence
  2202 | D:3      | Killed Terence
  2205 | D:3      | Reached skill level 2 in Shields
  2903 | D:3      | Noticed an ogre
  2936 | D:3      | Killed an ogre
  2936 | D:3      | Reached XP level 6. HP: 28/53 MP: 5/5
  3144 | D:4      | Found Hetoiwoz's Assorted Antiques.
  3248 | D:4      | Bought a scroll labeled FONGIDGH TUCA for 23 gold pieces
  3248 | D:4      | Bought a scroll labeled KUKLYO WUACH for 23 gold pieces
  3248 | D:4      | Bought a scroll labeled TUZICE SIYNOME for 23 gold pieces
  3248 | D:4      | Bought a scroll labeled KUKLYO WUACH for 23 gold pieces
  3292 | D:4      | Reached skill level 3 in Shields
  3525 | D:4      | Reached XP level 7. HP: 49/60 MP: 6/6
  3596 | D:4      | Reached skill level 5 in Armour
  3636 | D:4      | Found a staircase to the Ecumenical Temple.
  3667 | D:4      | Noticed Sigmund
  3696 | D:4      | Killed Sigmund
  3696 | D:4      | Reached skill level 5 in Fighting
  3696 | D:4      | Reached skill level 4 in Shields
  3971 | D:5      | Entered Level 5 of the Dungeon
  4150 | D:5      | Reached skill level 5 in Shields
  4275 | D:5      | Reached **** piety under Trog
  4550 | D:6      | Received a gift from Trog
  4550 | D:6      | Reached XP level 8. HP: 30/68 MP: 7/7
  4804 | D:6      | Reached skill level 6 in Shields
  5108 | D:6      | Noticed Menkaure
  5470 | D:6      | Killed Menkaure
  5695 | D:6      | Found a sparkling altar of Nemelex Xobeh.
  5695 | D:6      | Found a hide-covered altar of Uskayaw.
  5706 | D:6      | Reached skill level 7 in Shields
  5710 | D:6      | Found a faded altar of an unknown god.
  5712 | D:6      | Found a white marble altar of Elyvilon.
  5713 | D:6      | Found a faded altar of an unknown god.
  5769 | D:7      | Found Jicuagg's Book Boutique.
  5828 | D:7      | Found a transporter.
  5833 | D:7      | Noticed Lanoc's ghost (novice NaBe)
  5854 | D:7      | Noticed Dowan
  5854 | D:7      | Noticed Duvessa
  5861 | D:7      | Killed Duvessa
  5867 | D:7      | Killed Dowan
  5956 | D:7      | Reached skill level 8 in Shields
  6026 | D:7      | Reached XP level 9. HP: 75/75 MP: 8/8
  6086 | D:7      | Found a transporter.
  6422 | D:7      | Killed Lanoc's ghost
  6422 | D:7      | Reached skill level 9 in Shields
  6619 | D:8      | Noticed Maurice
  6621 | D:8      | Paralysed by Maurice for 7 turns
  6732 | D:8      | Noticed Joseph
  6759 | D:8      | Killed Joseph
  6759 | D:8      | Reached skill level 10 in Shields
  6838 | D:8      | Reached ***** piety under Trog
  6844 | D:8      | Noticed Psyche
  6857 | D:8      | Killed Psyche
  6986 | D:8      | Reached skill level 10 in Maces & Flails
  6986 | D:8      | Reached XP level 10. HP: 80/86 MP: 9/9
  7043 | D:8      | Found a hazy altar of Hepliaklqana.
  7449 | D:8      | Killed Maurice
  7449 | D:8      | Reached skill level 11 in Shields
  7471 | D:9      | Noticed a two-headed ogre
  7487 | D:9      | Killed a two-headed ogre
  7600 | D:9      | Found a snail-covered altar of Cheibriados.
  7638 | D:9      | Found Gurewn's Jewellery Boutique.
  8001 | D:9      | Reached skill level 12 in Shields
  8071 | D:9      | Found a staircase to the Lair.
  8580 | D:9      | Reached XP level 11. HP: 81/94 MP: 10/10
  8633 | D:10     | Entered Level 10 of the Dungeon
  8661 | D:10     | Noticed an eight-headed hydra
  8672 | D:10     | Killed an eight-headed hydra
  8870 | D:10     | Noticed Nergalle
  8894 | D:10     | Killed Nergalle
  8934 | D:10     | Received a gift from Trog
  9377 | D:10     | Found a stormy altar of Qazlal.
  9736 | D:11     | Reached skill level 1 in Stealth
  9736 | D:11     | Reached skill level 13 in Shields
  9747 | D:11     | Reached skill level 10 in Armour
  9789 | D:11     | Noticed a two-headed ogre
  9797 | D:11     | Killed a two-headed ogre
  9817 | D:11     | Found a flickering gateway to a bazaar.
  9837 | Bazaar   | Entered a bazaar
  9837 | Bazaar   | Found Eshruame's Jewellery Emporium.
  9837 | Bazaar   | Found Avaposev's Antique Weapon Shoppe.
  9837 | Bazaar   | Found Aniur's Gadget Emporium.
  9837 | Bazaar   | Found Kud Lit's Magic Scroll Shoppe.
  9879 | Bazaar   | Bought a scroll of magic mapping for 24 gold pieces
  9879 | Bazaar   | Bought a scroll of identify for 14 gold pieces
  9879 | Bazaar   | Bought a scroll of enchant armour for 52 gold pieces
  9910 | D:11     | Gained mutation: Your muscles are strong. (Str +2) [potion
                  | of mutation]
  9910 | D:11     | Gained mutation: You are agile. (Dex +2) [potion of
                  | mutation]
 10204 | D:11     | Found an ancient bone altar of Kikubaaqudgha.
 10296 | D:11     | Noticed Snorg
 10310 | D:11     | Killed Snorg
 10519 | D:11     | Gained mutation: You occasionally shout uncontrollably at
                  | your foes. [a neqoxec]
 10526 | D:11     | Reached XP level 12. HP: 105/105 MP: 3/11
 10636 | D:12     | Reached skill level 14 in Shields
 11082 | D:12     | Noticed a centaur warrior
 11082 | D:12     | Noticed a centaur warrior
 11095 | D:12     | Killed a centaur warrior
 11100 | D:12     | Killed a centaur warrior
 11105 | D:12     | Noticed a catoblepas
 11108 | D:12     | Killed a catoblepas
 11116 | D:12     | Reached skill level 10 in Fighting
 11130 | D:12     | Noticed a six-headed hydra
 11171 | D:12     | Noticed a fire dragon
 11331 | D:12     | Found a portal to a secret trove of treasure.
 11401 | D:12     | Noticed a five-headed hydra
 11409 | D:12     | Killed a five-headed hydra
 11492 | D:12     | Found an ornate altar of the Wu Jian Council.
 11634 | D:12     | Received a gift from Trog
 11665 | D:12     | Killed from afar by a fire dragon

Levels and vault maps discovered:
D:1:      dpeg_arrival_water_altar, layout_loops_ring, minivault_23,
          minmay_pentomino_r2
D:2:      layout_rooms, first_ration, hangedman_feature_mirror, uniq_robin
D:3:      layout_rooms, grunt_decor_fettered, minmay_ogre_servants, uniq_terence
D:4:      layout_basic, minmay_temple_entry_statues_fountains, serial_shops,
          shop, uniq_sigmund
D:5:      minmay_angry_zag, layout_rooms, solitary_fountain
D:6:      layout_loops_ring, chequers_temple_overflow_minitemple,
          lightli_sewer_entry_pipes, minmay_mini_ossuary, uniq_menkaure
D:7:      layout_loops_ring, gammafunk_ghost_stat_death, serial_shops,
          nicolae_shop_stone, uniq_duvessa
D:8:      layout_rooms, kennysheep_mini_moat, nicolae_straight_to_the_point,
          uniq_psyche, uniq_maurice, uniq_joseph
D:9:      layout_loops_cross, erik_lair_island, serial_shops, shop,
          hangedman_little_slice_of_home, cheibriados_altar_1
D:10:     layout_stronghold, basic_altar, uniq_nergalle
D:11:     layout_stronghold, serial_shops, bzr_entry_dummy, serial_rivers,
          chequers_serial_rivers_small_a, chequers_serial_rivers_micro_e,
          chequers_serial_rivers_small_a, chequers_serial_rivers_micro_a,
          chequers_serial_rivers_micro_a, chequers_serial_rivers_small_a,
          lemuel_tele_altar, uniq_snorg
D:12:     layout_irregular_city, erik_orc_3, basic_altar,
          trove_entry_hex_spiral, serial_column_ruins, column_ruins_grid_2,
          column_ruins_corridor_straight, column_ruins_open_tiny,
          column_ruins_grid_1, column_ruins_open_small, column_ruins_grid_1,
          nrook_loot_triangle, minmay_the_grid_square_5x5_3x3_mashed
          [minmay_the_grid_square_5x5_v, minmay_the_grid_square_5x5_two_small,
          minmay_the_grid_square_5x5_checkered, minmay_the_grid_square_5x5_mess,
          minmay_the_grid_square_5x5_megaprize_diamond,
          minmay_the_grid_square_5x5_two_walls_b,
          minmay_the_grid_square_5x5_doubleslash,
          minmay_the_grid_square_5x5_almost_minimal,
          minmay_the_grid_square_5x5_minimal]

Skill      XL: |  1  2  3  4  5  6  7  8  9 10 11 12 |
---------------+-------------------------------------+-----
Maces & Flails | 4 5 6 7 8 10 11 12 13 | 13.8
Fighting       | 4 5 6 7 8 9 10 | 10.2
Armour         | 3 4 5 6 7 8 10 11 | 11.0
Shields        | 1 2 3 5 8 10 12 13 14 | 14.9
Dodging        | 3 4 |  4.2
Stealth        | 1 |  1.1

Action                   |  1- 3 |  4- 6 |  7- 9 | 10-12 || total
-------------------------+-------+-------+-------+-------++-------
Melee: Mace              |    94 |   251 |   477 |   354 ||  1176
       Headbutt          |    12 |    39 |    91 |   190 ||   332
       Flail             |       |       |       |   367 ||   367
Invok: Berserk           |     1 |     2 |     8 |     9 ||    20
       Trog's Hand       |       |     1 |     1 |     2 ||     4
  Use: Potion            |       |     1 |     2 |     5 ||     8
       Scroll            |       |     4 |     6 |     9 ||    19
  Eat: Chunk             |     1 |     7 |     9 |     9 ||    26
       Ration            |       |     1 |     3 |     5 ||     9
Armor: Animal skin       |     7 |       |       |       ||     7
       Plate armour      |    73 |   158 |   292 |   261 ||   784
Dodge: Dodged            |    42 |    25 |    69 |    93 ||   229
Block: Large shield      |    26 |   211 |   455 |   743 ||  1435
       Reflection        |       |       |       |    15 ||    15
